 Dungeon Crawl Stone Soup version 0.17-a0-1301-ga863c44 (webtiles) character file.

375 sqallbeste the Shield-Bearer (level 6, 0/56 HPs)
             Began as a Hill Orc Fighter on June 7, 2015.
             Slain by a big kobold (3 damage)
             ... on level 4 of the Dungeon.
             The game lasted 00:11:34 (3372 turns).

sqallbeste the Shield-Bearer (Hill Orc Fighter)     Turns: 3372, Time: 00:11:35

Health: 0/56       AC: 12    Str: 24    XL:     6   Next: 72%
Magic:  6/6        EV:  6    Int:  8    God:
Gold:   124        SH: 10    Dex: 12    Spells: 0 memorised, 5 levels left

rFire  . . .     SeeInvis .     q - +1 hand axe (freeze)
rCold  . . .     Clarity  .     u - +0 chain mail
rNeg   . . .     SustAt   .     c - +0 shield
rPois  .         Gourm    .     (no helmet)
rElec  .         Spirit   .     (no cloak)
rCorr  .         Warding  .     j - +1 pair of gloves
rMut   .         Stasis   .     (no boots)
MR     .....                    (no amulet)
Stlth  ..........               (no ring)
                                h - ring of teleport control

@: mighty, about to teleport, not resistant to hostile enchantments, extremely
unstealthy
A: no striking features
a: Evoke Teleport Control


You were on level 4 of the Dungeon.
You were not hungry.

You visited 1 branch of the dungeon, and saw 4 of its levels.

You collected 124 gold pieces.

Inventory:

Hand weapons
 a - a +0 war axe
 q - a +1 hand axe of freezing (weapon)
Armour
 b - a +0 scale mail
 c - a +0 shield (worn)
 j - a +1 pair of gloves (worn)
 u - a +0 chain mail (worn)
Jewellery
 h - a ring of teleport control (left hand)
Magical devices
 n - a wand of digging (4)
 r - a wand of lightning (7)
 s - a wand of teleportation (9)
Scrolls
 f - 2 scrolls of teleportation
 l - 3 scrolls of immolation
 p - 2 scrolls of magic mapping
 x - a scroll of remove curse
Potions
 d - a potion of might
 i - a potion of heal wounds
 k - a potion of lignification {unknown}
 o - 2 potions of curing
 t - a potion of brilliance {unknown}
 w - a potion of haste {unknown}
Books
 v - a book of Flames

   Spells                             Type                      Level
   a - Flame Tongue                   Conjuration/Fire             1
   b - Throw Flame                    Conjuration/Fire             2
   c - Conjure Flame                  Conjuration/Fire             3
   d - Inner Flame                    Hexes/Fire                   3
   e - Sticky Flame                   Conjuration/Fire             4
   f - Fireball                       Conjuration/Fire             5
Comestibles
 e - a bread ration
 g - 2 beef jerkies


   Skills:
 + Level 5.2 Fighting
 + Level 4.5 Axes
 + Level 4.9 Armour
 + Level 5.3 Shields


You had 5 spell levels left.
You didn't know any spells.

Dungeon Overview and Level Annotations

Branches:
Dungeon (4/15)             Temple (0/1) D:4

Altars:
Kikubaaqudgha
Makhleb
Ru


Message History

The big kobold is lightly wounded.
You block the gnoll's attack. The big kobold hits you with a dagger.
* * * LOW HITPOINT WARNING * * *
The gnoll hits you from afar with a halberd.
* * * LOW HITPOINT WARNING * * *
The big kobold hits you.
* * * LOW HITPOINT WARNING * * *
You block the gnoll's attack.
You feel much better.
The gnoll hits you from afar with a halberd!
You block the big kobold's attack. You block the gnoll's attack.
The big kobold hits you.
The gnoll hits you from afar with an enchanted halberd!
* * * LOW HITPOINT WARNING * * *
As you read the scroll of teleportation, it crumbles to dust.
You feel strangely unstable. You block the big kobold's attack.
The gnoll hits you from afar with a halberd!
* * * LOW HITPOINT WARNING * * *
The big kobold hits you.
You die...

.≈≈.≈≈.≈.≈≈≈≈≈..≈.≈≈≈≈≈≈≈≈.≈.≈≈.#
≈≈≈≈≈≈≈≈≈≈≈≈≈≈≈≈≈≈≈≈≈≈≈≈≈≈≈≈≈≈≈≈#
≈≈≈≈≈≈≈≈≈≈≈≈≈≈≈≈≈≈≈≈≈≈≈≈≈≈≈≈≈≈≈≈#
≈≈≈≈≈≈≈≈≈≈≈≈≈≈≈≈≈≈#####≈≈≈≈≈≈≈≈≈#
################### $$#≈≈≈≈≈≈≈≈≈#
...#..............# gg#≈≈≈≈≈≈≈≈≈#
...'.......)).....# K$#
####........).....##'#
.......########.@Kgg.# .......#
#.)KgK.# .......########...g..#
####..............##+#
.))'..............#
...#..............#
###################


You could see 3 big kobolds and 4 gnolls.

Vanquished Creatures
  An orc priest (D:3)
  Ijyb (D:2)
  2 worker ants (D:4)
  Terence (D:3)
  Natasha (thrice) (D:2)
  4 gnolls
  5 adders
  An ooze (D:1)
  3 giant geckos
  6 orcs (D:3)
  5 bats
  27 goblins
  22 hobgoblins
  9 jackals
  8 kobolds
  A quokka (D:3)
  3 giant cockroaches
  3 giant newts
  A quokka skeleton (D:4)
  10 rats
116 creatures vanquished.

Notes
Turn   | Place    | Note
--------------------------------------------------------------
     0 | D:1      | sqallbeste the Hill Orc Fighter began the quest for the Orb.
     0 | D:1      | Reached XP level 1. HP: 19/19 MP: 1/1
    66 | D:1      | Reached XP level 2. HP: 22/27 MP: 2/2
   178 | D:1      | Reached skill level 4 in Fighting
   252 | D:1      | Reached XP level 3. HP: 18/33 MP: 3/3
   748 | D:2      | Noticed Ijyb
   771 | D:2      | Killed Ijyb
   771 | D:2      | Reached XP level 4. HP: 32/41 MP: 4/4
   782 | D:2      | Found a sacrificial altar of Ru.
   852 | D:2      | Found an ancient bone altar of Kikubaaqudgha.
   878 | D:2      | Noticed Natasha
   881 | D:2      | Killed Natasha
   944 | D:2      | Noticed Natasha
   951 | D:2      | Killed Natasha
   951 | D:2      | Reached XP level 5. HP: 47/47 MP: 5/5
  1168 | D:2      | Noticed Natasha
  1180 | D:2      | Killed Natasha
  1486 | D:3      | Noticed Terence
  1495 | D:3      | Killed Terence
  2075 | D:3      | Found a burning altar of Makhleb.
  2192 | D:3      | Reached skill level 5 in Fighting
  2196 | D:3      | Reached XP level 6. HP: 21/56 MP: 6/6
  2964 | D:4      | Found a staircase to the Ecumenical Temple.
  3132 | D:4      | Reached skill level 5 in Shields
  3372 | D:4      | Slain by a big kobold

Vault maps used:
D:1:      sevenhm_arrival_forest_fort_small_4, minmay_misc_feat_ornament
D:2:      lemuel_doored_altar, nicolae_ru_sacrificial_ziggurat, uniq_natasha,
          uniq_iyjb
D:3:      minmay_door_path, bloody_makhleb, uniq_terence
D:4:      minmay_goblin_kobold_castle, first_bread

Action                   |  1- 3 |  4- 6 || total
-------------------------+-------+-------++-------
Melee: War axe           |   111 |   121 ||   232
       Hand axe          |       |   143 ||   143
  Use: Scroll            |       |     9 ||     9
       Potion            |       |     3 ||     3
  Eat: Bread ration      |       |     2 ||     2
       Beef jerky        |       |     1 ||     1
       Chunk             |       |     1 ||     1
